 Dungeon Crawl Stone Soup version 0.27.1 (webtiles) character file.

Game seed: 17588216517900372804

102322 Malachi the Grappler (level 15, -9/158 HPs)
             Began as a Troll Hedge Wizard on Aug 29, 2021.
             Was a High Priest of Ashenzari.
             Mangled by a vault guard (18 damage)
             ... on level 13 of the Dungeon.
             The game lasted 01:01:56 (24090 turns).

Malachi the Grappler (Troll Hedge Wizard)          Turns: 24090, Time: 01:01:57

Health: -9/158     AC: 13    Str: 28    XL:     15   Next: 85%
Magic:  0/25       EV: 14    Int: 24    God:    Ashenzari [*****.]
Gold:   2192       SH:  0    Dex: 11    Spells: 27/28 levels left

rFire    + + .     SeeInvis +     - Unarmed
rCold    + . .     Faith    .   (no shield)
rNeg     + + +     Spirit   +   r - +0 swamp dragon scales "Visionary of Ashenzari" {rPois, Melee, Evo} (curse)
rPois    +         Reflect  .   Q - +0 hat of the Stellar Augur {rF+, Comp, Elem} (curse)
rElec    +         Harm     .   V - scarf of Ashenzari's Comet {rC+ rF+, Alch, Melee} (curse)
rCorr    .         Rampage  .   (gloves unavailable)
Will     +....     Clarity  +   (boots unavailable)
Stlth    +.........             y - amulet of the Eye in the Sky {Spirit, Comp, Fort} (curse)
HPRegen  1.36/turn              W - ring of the Bound Fanaticism {rN+++ Str+6 Dex-4 SInv, Range, Evo} (curse)
MPRegen  0.19/turn              j - ring "Oracular Gloom" {Int+9 Dex+6, Self, Cun} (curse)

@: about to teleport
A: large, unfitting armour, claws 3, regeneration 1, shaggy fur 1, tough skin 1,
mutation resistance 1, electricity resistance
a: Renounce Religion, Curse Item, Shatter the Chains


You were on level 13 of the Dungeon.
You worshipped Ashenzari.
Ashenzari was extremely pleased with you.
You visited 4 branches of the dungeon, and saw 21 of its levels.
You also visited: Gauntlet and Ice Cave.

You collected 2477 gold pieces.
You spent 285 gold pieces at shops.

Inventory:

Hand Weapons
 f - the +6 morningstar "Oliqit" {spect, Fly rN+ Will++ Str+3}
   (You found it on level 12 of the Dungeon)

   When its wielder attacks, the weapon's spirit leaps out and strikes again.
   The spirit shares a part of any damage it takes with its wielder.
   Str:       It affects your strength (+3).
   rN:        It protects you from negative energy.
   Fly:       It grants you flight.
   Will:      It greatly increases your willpower.
 g - the +11 shortbow "Fagruadu" {freeze, rF+ MP+9 Int+6}
   (You found it on level 5 of the Lair of Beasts)

   Any ammunition fired from it freezes those it strikes, dealing additional
   cold damage.
   It can also slow down cold-blooded creatures.
   Int:       It affects your intelligence (+6).
   rF:        It protects you from fire.
   MP:        It affects your magic capacity (+9).
Missiles
 k - 307 arrows
 T - 91 large rocks (quivered)
Armour
 r - the cursed +0 swamp dragon scales "Visionary of Ashenzari" (worn) {rPois, Melee, Evo}
   (You took it off Maggie on level 6 of the Dungeon)

   rPois:     It protects you from poison.
   It has a curse which improves the following skills: Melee Combat: Short
   Blades, Long Blades, Axes, Maces & Flails, Polearms, Staves and Unarmed
   Combat.
   Evocations: Evocations.
 L - +0 shadow dragon scales
 M - a +0 troll leather armour
 Q - the cursed +0 hat of the Stellar Augur (worn) {rF+, Comp, Elem}
   (You found it in a Gauntlet)

   rF:        It protects you from fire.
   It has a curse which improves the following skills: Companions: Summonings
   and Necromancy.
   Elements:  Fire Magic, Ice Magic, Air Magic and Earth Magic.
 V - the cursed scarf of Ashenzari's Comet (worn) {rC+ rF+, Alch, Melee}
   (You found it on level 2 of the Lair of Beasts)

   It has a curse which improves the following skills: Alchemy: Poison Magic and
   Transmutations.
   Melee Combat: Short Blades, Long Blades, Axes, Maces & Flails, Polearms,
   Staves and Unarmed Combat.
Jewellery
 c - an amulet of magic regeneration
 i - a ring of wizardry
 j - the cursed ring "Oracular Gloom" (right claw) {Int+9 Dex+6, Self, Cun}
   (You acquired it in the Ecumenical Temple)

   [ring of dexterity]

   Int:       It affects your intelligence (+9).
   Dex:       It affects your dexterity (+6).
   It has a curse which improves the following skills: Introspection: Fighting
   and Spellcasting.
   Cunning:   Dodging and Stealth.
 y - the cursed amulet of the Eye in the Sky (around neck) {Spirit, Comp, Fort}
   (You found it on level 5 of the Dungeon)

   [amulet of guardian spirit]

   It causes incoming damage to be divided between your reserves of health and
   magic.
   It has a curse which improves the following skills: Companions: Summonings
   and Necromancy.
   Fortitude: Armour and Shields.
 C - a ring of protection from fire
 O - a ring of resist corrosion
 U - the amulet of Vampiric Thralls {*Slow rN+ Regen+ Int+2 Dex+2}
   (You found it on level 2 of the Lair of Beasts)

   [amulet of regeneration]

   Int:       It affects your intelligence (+2).
   Dex:       It affects your dexterity (+2).
   rN:        It protects you from negative energy.
   Regen:     It increases your rate of health regeneration.
   *Slow:     It may slow you when you take damage.
 W - the cursed ring of the Bound Fanaticism (left claw) {rN+++ Str+6 Dex-4 SInv, Range, Evo}
   (You found it on level 3 of the Lair of Beasts)

   [ring of strength]

   Str:       It affects your strength (+6).
   Dex:       It affects your dexterity (-4).
   rN:        It renders you almost immune to negative energy.
   SInv:      It lets you see invisible.
   It has a curse which improves the following skills: Ranged Combat: Slings,
   Bows, Crossbows and Throwing.
   Evocations: Evocations.
 Y - a ring of poison resistance
 Z - a ring of magical power
Wands
 m - a wand of digging (2)
 E - a wand of polymorph (11)
 F - a wand of iceblast (13)
Scrolls
 b - 3 scrolls of enchant weapon
 d - 5 scrolls of enchant armour
 e - 6 scrolls of immolation
 h - 3 scrolls of silence
 o - a scroll of magic mapping
 p - a scroll of holy word
 u - 8 scrolls of teleportation
 v - 4 scrolls of brand weapon
 x - a scroll of torment
 A - 2 scrolls of blinking
 N - a scroll of fog
 S - 2 scrolls of amnesia
Potions
 a - 3 potions of berserk rage
 l - 3 potions of curing
 n - 2 potions of cancellation
 q - 2 potions of lignification
 s - 3 potions of invisibility
 t - 4 potions of heal wounds
 w - 3 potions of attraction
 z - a potion of ambrosia
 D - 2 potions of flight
 G - 2 potions of magic
 I - 3 potions of haste
 K - a potion of might
 R - a potion of brilliance
Miscellaneous
 H - a lightning rod (4/4)
 J - a phantom mirror


   Skills:
 + Level 10.1(12.5) Fighting
 * Level 7.8(10.5) Bows
 + Level 13.1(15.3) Armour
 + Level 12.3(14.6) Dodging
 - Level 1.0(2.5) Stealth
 - Level 14.8(18.3) Unarmed Combat
 - Level 4.7(7.3) Spellcasting
 - Level 0.6 Conjurations
 - Level 0.6(2.4) Summonings
 - Level 0.6 Translocations


You had 27 spell levels left.
You knew the following spells:

 Your Spells              Type           Power      Damage    Failure   Level
a - Magic Dart            Conj           44%        1d5       7%          1

Your spell library contained the following spells:

 Spells                   Type           Power      Damage    Failure   Level
 Call Imp                 Summ           20%        N/A       4%          2
 Sandblast                Erth           20%        2d7       8%          1
 Shock                    Conj/Air       44%        1d5       8%          1
 Sting                    Tmut/Pois      40%        1d5       8%          1
 Corona                   Hex            8%         N/A       9%          1
 Blink                    Tloc           N/A        N/A       11%         2
 Corpse Rot               Necr/Air       N/A        N/A       11%         2
 Static Discharge         Conj/Air       11%        N/A       11%         2
 Ensorcelled Hibernation  Hex/Ice        18%        N/A       12%         2
 Passwall                 Tmut/Erth      8%         N/A       12%         2
 Poisonous Vapours        Pois/Air       20%        N/A       12%         2
 Slow                     Hex            8%         N/A       13%         2
 Conjure Flame            Conj/Fire      11%        6-21      22%         3
 Mephitic Cloud           Conj/Pois/Air  10%        N/A       22%         3
 Stone Arrow              Conj/Erth      22%        3d8       22%         3
 Swiftness                Air            10%        N/A       22%         3
 Dazzling Flash           Conj/Hex       20%        N/A       24%         3
 Tukima's Dance           Hex            8%         N/A       26%         3
 Summon Lightning Spire   Summ/Air       15%        N/A       45%         4
 Iskenderun's Mystic Bla  Conj/Tloc      11%        2d4       56%         4
 Airstrike                Air            5%         N/A       58%         4
 Olgreb's Toxic Radiance  Pois           10%        N/A       58%         4
 Summon Forest            Summ/Tloc      8%         N/A       78%         5
 Freezing Cloud           Conj/Ice/Air   5%         6-21      90%         5
 Lightning Bolt           Conj/Air       5%         1d17      90%         5
 Lee's Rapid Deconstruct  Erth           5%         3d7*      91%         5
 Starburst                Conj/Fire      5%         6d4       100%        6
 Maxwell's Capacitive Co  Air            5%         ∞         100%        8


Dungeon Overview and Level Annotations

Branches:
Dungeon (13/15)            Temple (1/1) D:4            Lair (6/6) D:8
 Shoals (0/4) Lair:2       Spider (1/4) Lair:3        Slime (0/5) Lair:6
    Orc (0/2) D:12         Vaults (0/5) D:13          IceCv (visited)
Gauntlet (visited)

Altars:
Ashenzari
Cheibriados
Dithmenos
Elyvilon
Fedhas
Gozag
Hepliaklqana
Kikubaaqudgha
Makhleb
Nemelex Xobeh
Okawaru
Qazlal
Ru
Sif Muna
Trog
Uskayaw
Vehumet
Wu Jian
Xom
Yredelemnul
Zin
The Shining One

Shops:
D:4 =   D:6 !=

Annotations:
D:5 1 runed translucent door
D:13 exclusion: obsidian statue


Innate Abilities, Weirdness & Mutations

You are too large for most types of armour.
You have claws for hands.
Your natural rate of healing is unusually fast.
You are covered in fur. (AC +1)
You have tough skin. (AC +1)
You are somewhat resistant to further mutation.
You are resistant to electric shocks. (rElec)


Message History

The vault guard hits you with a +0 war axe!
* * * LOW HITPOINT WARNING * * *
The vault guard closely misses you.
Unknown command.
Throw: 93 large rocks
Press: ? - help, Q - select action, (/) - cycle Shift-Dir - straight line, f/p - acid dragon
Aim: an acid dragon (63% to hit)
You throw a large rock.
The large rock hits the vault guard but does no damage.
The vault guard is heavily wounded.
The vault guard hits you with a +0 war axe!
* * * LOW HITPOINT WARNING * * *
The vault guard hits you from afar with a +1 vorpal bardiche!
* * * LOW HITPOINT WARNING * * *
x2 The vault guard completely misses you.
Throw: 92 large rocks
Press: ? - help, Q - select action, (/) - cycle Shift-Dir - straight line, f - vault guard, p - acid dragon
Aim: a vault guard, wielding a +0 great sword and wearing a +0 chain mail (60% to hit)
You throw a large rock. The vault guard blocks the large rock.
The vault guard completely misses you.
The vault guard hits you from afar with a +1 vorpal bardiche!
* * * LOW HITPOINT WARNING * * *
x2 The vault guard hits you but does no damage.
Okay, then.
Found 21 gold pieces.
Found a long sword and a potion of cancellation.
The centaur warrior wields a +0 longbow.
The centaur warrior shoots an arrow.
The arrow hits you!!
* * * LOW HITPOINT WARNING * * *
The centaur warrior shoots an arrow.
The arrow hits you!!
* * * LOW HITPOINT WARNING * * *
As you read the scroll of fog, it crumbles to dust.
The scroll dissolves into smoke.
The centaur warrior shoots an arrow.
The arrow hits you but does no damage.
As you read the scroll of teleportation, it crumbles to dust.
You feel strangely unstable.
The vault guard hits you with a +0 war axe!
* * * LOW HITPOINT WARNING * * *
The vault guard hits you from afar with a +1 vorpal bardiche!!
You die...

#... ########## ####* * ####!..*
########### ....
.......################ ....,,,
,...................... #### ** *
* #..........c......... #########
#..§§§§...{.......... ##########
#.)§§§§§.............
#############..§§§pp.p{p.........
...............§@p§§..........(..
...............§§§§§.............
######..########################.
######..### ####### ######.
###..########################.
###..########################.
###..########################.
*##......)....................
.[..............................


You could see 3 vault guards.

Vanquished Creatures
  A fire giant (D:12)
  3 ghouls (D:13)
  An entropy weaver (Lair:3)
  A minotaur (Gauntlet)
  The ghost of Bukhlaj the Cleaver, a journeyman HOFi of Beogh (Lair:1)
  2 ettins (D:12)
  A vault guard (D:13)
  3 boulder beetles
  An ice dragon (IceCv)
  8 hydras
  A centaur warrior (D:13)
  Harold (D:10)
  Erolcha (D:12)
  4 two-headed ogres
  6 skeletal warriors
  An orange crystal statue (D:10)
  Pikel (D:8)
  A lindwurm (Lair:6)
  3 deep elf pyromancers
  A wolf spider zombie (D:13)
  4 wolf spiders
  An orb spider (shapeshifter) (D:12)
  3 ugly things (D:12)
  19 cyclopes
  3 orb spiders (Spider:1)
  4 oklob plants (Lair:5)
  A worldbinder (Gauntlet)
  A stone giant zombie (D:12)
  2 manticores (D:12)
  10 black mambas
  19 cane toads
  8 elephants
  3 gargoyles
  2 ice statues (IceCv)
  A torpor snail (Lair:6)
  A demonic crawler (Lair:3)
  2 kobold demonologists
  6 rime drakes
  2 unseen horrors
  3 ice devils
  10 komodo dragons
  2 guardian mummies (D:13)
  5 polar bears
  5 jumping spiders
  6 trolls
  A wolf spider simulacrum (Gauntlet)
  5 hornets (Lair:6)
  19 dream sheep
  2 slime creatures (Lair:6)
  5 blink frogs (Lair:6)
  5 flying skulls (Gauntlet)
  16 redbacks
  14 spriggans (Lair:6)
  A wraith (D:13)
  3 tarantellas
  2 centaur simulacra (Gauntlet)
  2 shadows (D:12)
  47 yaks
  6 wyverns
  A hog (shapeshifter) (D:13)
  8 basilisks
  Grum (D:8)
  2 steam dragons
  3 vampire mosquitoes (D:9)
  2 wargs (D:12)
  2 acid dragons
  19 water moccasins
  5 orc warriors
  3 sky beasts (D:6)
  An ice beast (D:7)
  7 boggarts
  2 necrophages
  4 black bears
  10 centaurs
  7 ogres
  34 wolves
  A phantom (D:6)
  4 kobold brigands
  A wyvern zombie (D:5)
  15 bullfrogs
  3 cyclops zombies (D:12)
  2 gnoll sergeants
  6 scorpions
  3 lindwurm simulacra (IceCv)
  4 wights (D:9)
  7 howler monkeys
  5 electric eels
  5 komodo dragon simulacra (IceCv)
  5 centaur zombies
  4 hounds
  3 jellies
  A wyvern simulacrum (Gauntlet)
  A centaur skeleton (D:6)
  A gnoll shaman (D:9)
  8 orc priests
  3 iguanas
  15 orc wizards
  A killer bee zombie (D:5)
  A mummy (D:13)
  A howler monkey skeleton (D:6)
  13 gnolls
  7 acid dragon simulacra (IceCv)
  8 adders
  A shadow imp (D:7)
  5 white imps
  6 steam dragon simulacra (IceCv)
  2 ufetubi
  An adder skeleton (D:4)
  3 dart slugs
  41 orcs
  2 bats
  3 endoplasms
  5 giant cockroaches
  12 goblins
  7 hobgoblins
  3 jackals
  20 kobolds
  3 quokkas
  10 ball pythons
  3 frilled lizards
  A kobold zombie (D:5)
  6 rats
666 creatures vanquished.

Vanquished Creatures (collateral kills)
  Maggie (D:6)
1 creature vanquished.

Vanquished Creatures (others)
  A redback (Spider:1)
  A killer bee (D:11)
  29 fungi
  32 plants
  6 withered plants
69 creatures vanquished.

Grand Total: 736 creatures vanquished

Notes
Turn   | Place    | Note
-------+----------+-------------------------------------------
     0 | D:1      | Malachi the Troll Hedge Wizard began the quest for the Orb.
     0 | D:1      | Reached XP level 1. HP: 16/16 MP: 2/2
    77 | D:1      | Reached skill level 1 in Unarmed Combat
    86 | D:1      | Reached XP level 2. HP: 24/24 MP: 4/4
   126 | D:1      | Reached skill level 2 in Unarmed Combat
   596 | D:2      | Found a faded altar of an unknown god.
   620 | D:2      | Reached XP level 3. HP: 27/31 MP: 5/5
   888 | D:2      | Reached skill level 3 in Unarmed Combat
  1535 | D:3      | Reached skill level 4 in Unarmed Combat
  1535 | D:3      | Reached XP level 4. HP: 33/39 MP: 6/6
  1790 | D:3      | Reached XP level 5. HP: 45/45 MP: 7/7
  1938 | D:3      | Found a faded altar of an unknown god.
  1938 | D:3      | Found a faded altar of an unknown god.
  1938 | D:3      | Found a hazy altar of Hepliaklqana.
  1961 | D:3      | Reached skill level 5 in Unarmed Combat
  2562 | D:4      | Reached XP level 6. HP: 53/53 MP: 8/8
  2570 | D:4      | Reached skill level 6 in Unarmed Combat
  2746 | D:4      | Found Xaweles's Jewellery Emporium.
  2796 | D:4      | Found a staircase to the Ecumenical Temple.
  2870 | D:4      | Reached skill level 7 in Unarmed Combat
  2906 | D:4      | Identified the +5 pair of gloves "Laomecir" {Harm rCorr
                  | Int+4 Slay-5}
  3087 | Temple   | Entered the Ecumenical Temple
  3157 | Temple   | Identified a scroll of acquirement
  3157 | Temple   | Acquired the ring "Vif Hih" {Int+9 Dex+6}
  3163 | Temple   | Became a worshipper of Ashenzari the Shackled
  3194 | D:5      | Entered Level 5 of the Dungeon
  3231 | D:5      | Reached XP level 7. HP: 59/59 MP: 9/9
  3415 | D:5      | Reached skill level 8 in Unarmed Combat
  3524 | D:5      | Found a radiant altar of Vehumet.
  3633 | D:5      | Reached skill level 9 in Unarmed Combat
  3637 | D:5      | Found a runed translucent door.
  3637 | D:5      | Noticed a human
  3641 | D:5      | Found a basalt altar of Yredelemnul.
  3728 | D:5      | Found a sacrificial altar of Ru.
  3728 | D:5      | Found an opulent altar of Gozag.
  3728 | D:5      | Found a glowing golden altar of the Shining One.
  3733 | D:5      | Reached XP level 8. HP: 62/67 MP: 10/10
  4005 | D:6      | Noticed Maggie
  4019 | D:6      | Killed Maggie
  4087 | D:6      | Reached * piety under Ashenzari
  4129 | D:6      | Reached skill level 10 in Unarmed Combat
  4308 | D:6      | Reached skill level 1 in Fighting
  4341 | D:6      | Reached skill level 1 in Armour
  4492 | D:6      | Reached ** piety under Ashenzari
  4525 | D:6      | Found Ehaethe's Jewellery Shop.
  4644 | D:6      | Found Eqeusod's Distillery.
  4671 | D:6      | Reached XP level 9. HP: 79/79 MP: 11/11
  4876 | D:7      | Reached *** piety under Ashenzari
  5057 | D:7      | Identified the +2 robe "Bugoepoe" {Harm Will++ rCorr Int-3}
  5101 | D:7      | Reached skill level 11 in Unarmed Combat
  5494 | D:8      | Found a transporter.
  5494 | D:8      | Noticed a troll
  5496 | D:8      | Found a transporter.
  5496 | D:8      | Noticed a wolf spider
  5497 | D:8      | Noticed a gargoyle
  5502 | D:8      | Noticed Pikel
  5510 | D:8      | Killed Pikel
  5511 | D:8      | Reached skill level 5 in Dodging
  5694 | D:8      | Found a staircase to the Lair.
  5763 | D:8      | Reached XP level 10. HP: 95/96 MP: 14/14
  5789 | D:8      | Reached skill level 12 in Unarmed Combat
  5909 | D:8      | Reached **** piety under Ashenzari
  6060 | D:8      | Noticed Grum
  6072 | D:8      | Killed Grum
  6281 | D:8      | Noticed a two-headed ogre
  6315 | D:8      | Killed a two-headed ogre
  6418 | D:8      | Found a shimmering altar of Xom.
  6785 | D:9      | Found an ornate altar of the Wu Jian Council.
  6790 | D:9      | Found a stormy altar of Qazlal.
  6967 | D:9      | Identified the +7 falchion "Cighot" {protect, Fly}
  7237 | D:10     | Entered Level 10 of the Dungeon
  7348 | D:10     | Noticed a two-headed ogre
  7418 | D:10     | Killed a two-headed ogre
  7419 | D:10     | Reached skill level 13 in Unarmed Combat
  7419 | D:10     | Reached XP level 11. HP: 51/109 MP: 7/15
  7651 | D:10     | Reached skill level 5 in Fighting
  7651 | D:10     | Reached skill level 5 in Armour
  7733 | D:10     | Identified the Volume of Dusty Dislocation
  7734 | D:10     | Noticed an orange crystal statue
  7738 | D:10     | Noticed a boulder beetle
  7749 | D:10     | Killed an orange crystal statue
  7909 | D:10     | Identified the +3 hand axe "Pitt" {speed, rElec rPois Will+
                  | Dex-3}
  7999 | D:10     | Noticed Harold
  8004 | D:10     | Killed Harold
  8376 | D:11     | Noticed a two-headed ogre
  8376 | D:11     | Noticed a boulder beetle
  8406 | D:11     | Killed a two-headed ogre
  8502 | D:11     | Noticed a boulder beetle
  8505 | D:11     | Noticed a two-headed ogre
  8529 | D:11     | Killed a two-headed ogre
  8537 | D:11     | Killed a boulder beetle
  8797 | Lair:1   | Entered Level 1 of the Lair of Beasts
  8800 | Lair:1   | Found a transporter.
  8800 | Lair:1   | Noticed Bukhlaj's ghost (journeyman HOFi)
  8801 | Lair:1   | Found a transporter.
  9223 | Lair:1   | Noticed a four-headed hydra
  9247 | Lair:1   | Killed a six-headed hydra
  9248 | Lair:1   | Reached XP level 12. HP: 91/123 MP: 16/16
  9955 | Lair:2   | Identified the amulet of Vampiric Thralls {*Slow rN+ Regen+
                  | Int+2 Dex+2}
  9957 | Lair:2   | Found a snail-covered altar of Cheibriados.
  9964 | Lair:2   | Found a staircase to the Shoals.
 10384 | Lair:2   | Reached skill level 10 in Dodging
 10582 | Lair:2   | Reached ***** piety under Ashenzari
 10781 | Lair:1   | Killed Bukhlaj's ghost
 11134 | D:6      | Bought a potion of heal wounds for 75 gold pieces
 11134 | D:6      | Bought a potion of heal wounds for 75 gold pieces
 11417 | Lair:3   | Reached skill level 14 in Unarmed Combat
 11555 | Lair:3   | Noticed a four-headed hydra
 11562 | Lair:3   | Killed a five-headed hydra
 11564 | Lair:3   | Noticed a boulder beetle
 11586 | Lair:3   | Killed a boulder beetle
 11820 | Lair:3   | Reached XP level 13. HP: 116/135 MP: 20/20
 11975 | Lair:3   | Identified the +0 war axe "Lutila" {flame, Int+4}
 12009 | Lair:3   | Identified the ring of New Discoveries {rN+++ Str+6 Dex-4
                  | SInv}
 12024 | Lair:3   | Found a hole to the Spider Nest.
 12459 | Lair:3   | Noticed a spark wasp
 12459 | Lair:3   | an eight-headed hydra changed into a spark wasp
 12466 | Lair:3   | HP: 5/135 [spark wasp (5)]
 12735 | Spider:1 | Entered Level 1 of the Spider Nest
 12739 | Spider:1 | Noticed an entropy weaver
 12751 | Lair:3   | Killed an entropy weaver
 13081 | Lair:3   | HP: 5/136 [poisoned by a redback]
 13082 | Lair:3   | HP: 2/136 [redback (3)]
 13540 | Spider:1 | Noticed an emperor scorpion
 14602 | Lair:5   | Identified the +11 shortbow "Fagruadu" {freeze, rF+ MP+9
                  | Int+6}
 14630 | Lair:5   | HP: 3/137 [acid (14)]
 14752 | Lair:5   | Reached skill level 10 in Armour
 14759 | Lair:5   | HP: 2/137 [acid (9)]
 16124 | Lair:5   | Reached XP level 14. HP: 146/146 MP: 24/24
 16189 | Lair:5   | Reached skill level 1 in Bows
 16290 | Lair:5   | Identified the +10 mace of the Wasp {vorpal, Fragile Str+4
                  | Dex+10}
 16515 | Lair:6   | Entered Level 6 of the Lair of Beasts
 16705 | Lair:6   | Found a staircase to the Slime Pits.
 16789 | Lair:6   | Found a frozen archway.
 16863 | IceCv    | Entered an ice cave
 16921 | IceCv    | Identified the +2 war axe "Cuqa" {venom, rF++ SInv}
 17423 | IceCv    | Gained mutation: Armour fits poorly on your strangely
                  | shaped body. [potion of mutation]
 17423 | IceCv    | Gained mutation: You are agile. (Dex +2) [potion of
                  | mutation]
 17423 | IceCv    | Gained mutation: You are strong-willed. (Will+) [potion of
                  | mutation]
 17423 | IceCv    | Gained mutation: You have a pair of small horns on your
                  | head. [potion of mutation]
 17424 | IceCv    | Lost mutation: You have a pair of small horns on your head.
                  | [potion of mutation]
 17424 | IceCv    | Lost mutation: Armour fits poorly on your strangely shaped
                  | body. [potion of mutation]
 17424 | IceCv    | Gained mutation: Your muscles are strong. (Str +2) [potion
                  | of mutation]
 17424 | IceCv    | Gained mutation: Armour fits poorly on your strangely
                  | shaped body. [potion of mutation]
 17424 | IceCv    | Gained mutation: You are resistant to electric shocks.
                  | (rElec) [potion of mutation]
 17425 | IceCv    | Lost mutation: Armour fits poorly on your strangely shaped
                  | body. [potion of mutation]
 17425 | IceCv    | Lost mutation: You are strong-willed. (Will+) [potion of
                  | mutation]
 17425 | IceCv    | Lost mutation: Your muscles are strong. (Str +2) [potion of
                  | mutation]
 17425 | IceCv    | Gained mutation: You have a pair of small antennae on your
                  | head. [potion of mutation]
 17425 | IceCv    | Gained mutation: Your spells are a little harder to cast,
                  | but a little more powerful. [potion of mutation]
 17434 | IceCv    | Lost mutation: You are agile. (Dex +2) [potion of mutation]
 17434 | IceCv    | Lost mutation: Your spells are a little harder to cast, but
                  | a little more powerful. [potion of mutation]
 17434 | IceCv    | Lost mutation: You have a pair of small antennae on your
                  | head. [potion of mutation]
 17434 | IceCv    | Gained mutation: You are somewhat resistant to further
                  | mutation. [potion of mutation]
 17644 | Lair:6   | Found a blossoming altar of Fedhas.
 17789 | Lair:6   | Paralysed by a hornet for 2 turns
 18002 | Lair:6   | Reached skill level 5 in Bows
 18173 | Lair:6   | Identified the +3 buckler of Lotweot {rPois rF+ Will+ SInv}
 19612 | D:11     | Identified the +8 mace of Arbitration {vamp, Int+3}
 19737 | D:12     | Found a gate leading to a gauntlet.
 19741 | Gauntlet | Entered a Gauntlet
 19741 | Gauntlet | Noticed a reaper
 19741 | Gauntlet | Found a transporter.
 19741 | Gauntlet | Found a transporter.
 19741 | Gauntlet | Identified the ring "Poakh" {Ice Str+4 Int+4}
 19755 | Gauntlet | Found a transporter.
 19769 | Gauntlet | Found a transporter.
 19769 | Gauntlet | Identified the +0 hat of Dawn {rF+}
 19780 | Gauntlet | Found a transporter.
 19794 | Gauntlet | Found a transporter.
 19805 | Gauntlet | Found a transporter.
 19808 | Gauntlet | Found a transporter.
 19835 | Gauntlet | Found a transporter.
 19854 | Gauntlet | Found a transporter.
 19858 | Gauntlet | Found a transporter.
 19916 | Gauntlet | Found a transporter.
 19924 | Gauntlet | Identified the +2 dagger "Wuall" {protect, Contam rElec
                  | rCorr Int+7}
 20237 | Gauntlet | Identified the +4 bardiche "Qiotze Imun" {vorpal, +Blink
                  | rC- Str+3 Dex+8}
 20237 | Gauntlet | Identified the +5 ring mail of the Ladybird {rN+}
 20237 | Gauntlet | Identified the ring of Rariot {rC+ rCorr}
 20248 | Gauntlet | Reached XP level 15. HP: 66/154 MP: 10/24
 20688 | D:12     | Found a staircase to the Orcish Mines.
 20951 | D:12     | Noticed Erolcha
 20959 | D:12     | Killed Erolcha
 22076 | D:12     | Identified the +6 morningstar "Oliqit" {spect, Fly rN+
                  | Will++ Str+3}
 22076 | D:12     | Identified the +2 spear of the Secret Nightmares {flame,
                  | Drain Str+3 Dex+3}
 22106 | D:12     | Noticed a fire giant
 22129 | D:12     | Killed a fire giant
 22720 | D:6      | Bought a potion of curing for 45 gold pieces
 22720 | D:6      | Bought 2 potions of flight for 90 gold pieces
 23574 | D:13     | Reached skill level 10 in Fighting
 24034 | D:13     | Found a gate to the Vaults.
 24090 | D:13     | Mangled by a vault guard

Illustrated notes

Levels and vault maps discovered:
D:1:      roderic_octagonal_star, layout_rooms, kennysheep_decorative_pillar
D:2:      wad_river_or_something, layout_loops_ring,
          hellmonk_ecumenical_altar_lost_god
D:3:      layout_rooms, nicolae_hepliaklqana_ecumenical_no_more,
          minmay_goblin_kobold_house
D:4:      layout_basic, minmay_temple_entry_junction_2, serial_shops,
          nicolae_shop_behind_doors, grunt_ministairs_1, minmay_checkerbox
D:5:      layout_basic, gammafunk_temple_overflow_forgotten,
          dk_yredelemnul_ordeal, vehumet_crystals
D:6:      layout_gridville, serial_shops, nicolae_shop_statue_plus,
          minmay_shop_enchanted_jewellery, minmay_manual_mess, uniq_maggie
D:7:      minmay_evil_eye, layout_rooms
D:8:      layout_gridville, gammafunk_temple_overflow_arena, lair_entry_dummy,
          serial_glass, glass_columns_c, glass_columns_a,
          roderic_serpentine_path, grunt_ministairs_10, uniq_grum, uniq_pikel
D:9:      layout_basic, chequers_temple_overflow_statue_of_worship,
          lightli_orcish_oven
D:10:     minmay_statue_hallways, layout_loops_ring, uniq_harold
D:11:     minmay_the_grid_octo_triangle [minmay_the_grid_octo_empty,
          minmay_the_grid_octo_prize_star, minmay_the_grid_octo_empty],
          layout_basic
D:12:     giant_chief_lemuel, layout_long_grid, david_orc_2,
          gauntlet_entry_generic, evilmike_minifort, uniq_erolcha
D:13:     layout_long_grid, erik_vaults_2, serial_undead, serial_undead_f,
          serial_undead_c, serial_undead_a, serial_undead_c, serial_undead_e,
          serial_undead_c, serial_undead_d, minivault_16
Temple:   cyrus_circular_temple
Lair:1:   layout_cave_pods, gammafunk_ghost_arena, grunt_megastairs_2
Lair:2:   layout_gridlike, elwin_shoals_entry_rocks, lemuel_centaur_altar,
          infiniplex_staircase_pool
Lair:3:   layout_gridlike, nicolae_spider_entry_non_spiders,
          serial_bayou_shore_b, grunt_megastairs_1
Lair:4:   layout_cave_shapes, serial_bayou, serial_bayou_pond_e,
          serial_bayou_lake_a, serial_bayou_shore_a, serial_bayou_pond_b,
          serial_bayou_lagoon_a, lemuel_fruit_tree
Lair:5:   layout_regular_city, minmay_lair_oklob_chamber, grunt_megastairs_4
Lair:6:   minmay_lair_end_enchanted_forest, layout_layer_cave,
          minmay_slime_entry_pillars, portal_ice_cave_demonic_guard,
          serial_rivers, chequers_serial_rivers_micro_e,
          chequers_serial_rivers_small_3, chequers_serial_rivers_large_a,
          chequers_serial_rivers_micro_d, chequers_serial_rivers_micro_e,
          chequers_serial_rivers_micro_b, basic_altar
Spider:1: layout_spider_delve

Skill      XL: |  1  2  3  4  5  6  7  8  9 10 11 12 13 14 15 |
---------------+----------------------------------------------+-----
Unarmed Combat | 1 2 4 5 7 9 10 11 13 14 | 14.8
Dodging        | 2 5 7 9 10 11 12 | 12.3
Fighting       | 1 3 4 6 7 8 9 10 | 10.1
Armour         | 1 3 4 6 8 10 12 13 | 13.1
Spellcasting   | 3 4 |  4.7
Bows           | 6 7 |  7.8
Stealth        | |  1.0
Conjurations   | |  0.6
Summonings     | |  0.6
Translocations | |  0.6

Action                   |  1- 3 |  4- 6 |  7- 9 | 10-12 | 13-15 || total
-------------------------+-------+-------+-------+-------+-------++-------
Melee: Unarmed           |    90 |   164 |   207 |   536 |   944 ||  1941
       Punch             |       |     2 |    10 |    46 |    84 ||   142
 Fire: Shortbow          |       |       |       |       |   492 ||   492
Throw: Large rock        |       |       |       |       |     4 ||     4
Invok: Curse Item        |       |       |     4 |     2 |     2 ||     8
       Shatter the Chain |       |       |       |       |     2 ||     2
Evoke: Wand              |       |       |       |    13 |    25 ||    38
  Use: Scroll            |       |     4 |     1 |       |    11 ||    16
       Potion            |       |       |       |       |    13 ||    13
 Stab: Sleeping          |     3 |     2 |       |     3 |       ||     8
       Distracted        |       |       |     1 |       |       ||     1
Armor: Robe              |    29 |    57 |    15 |       |       ||   101
       Swamp dragon scal |       |       |    65 |   173 |   477 ||   715
Dodge: Dodged            |    30 |    75 |    98 |   349 |   918 ||  1470
